 Dungeon Crawl Stone Soup version 0.31-a0-234-gad7ace16ef (webtiles) character file.

Game seed: 11946596621497942453

93 qw the Shooter (level 4, -6/36 HPs)
             Began as a Minotaur Hexslinger on July 9, 2023.
             Mangled by Grinder (8 damage)
             ... on level 3 of the Dungeon.
             The game lasted 00:00:45 (1898 turns).

qw the Shooter (Minotaur Hexslinger)                Turns: 1898, Time: 00:00:45

Health: -6/36      AC:  5    Str: 12    XL:     4   Next: 36%
Magic:  0/4        EV: 11    Int: 10    God:
Gold:   90         SH:  0    Dex: 15    Spells: 4/5 levels left

rFire   . . .        Y - +3 sling
rCold   . . .        (no shield)
rNeg    . . .        f - +0 ring mail
rPois   .            (helmet restricted)
rElec   .            (no cloak)
rCorr   .            (no gloves)
SInv    .            (no boots)
Will    .....        g - amulet of guardian spirit
Stlth   +            (no ring)
HPRegen 0.26/turn    (no ring)
MPRegen 0.09/turn

%: guardian spirit
@: no status effects
A: horns 2, retaliatory headbutt
a: no special abilities


You were on level 3 of the Dungeon.
You visited 1 branch of the dungeon, and saw 3 of its levels.

You collected 90 gold pieces.


Innate Abilities, Weirdness & Mutations

You have a pair of horns on your head.
You reflexively headbutt those who attack you in melee.


   Skills:
 - Level 2.0 Fighting
 + Level 4.7 Ranged Weapons
 - Level 1.1 Armour
 - Level 2.1 Dodging
 - Level 1.0 Spellcasting
 - Level 2.0 Hexes


You had 4 spell levels left.
You knew the following spells:

 Your Spells              Type           Power      Damage    Failure   Level
a - Slow                  Hex            16%        N/A       34%         1

Your spell library contained the following spells:

 Spells                   Type           Power      Damage    Failure   Level
 Inner Flame              Hex/Fire       2%         N/A       83%         3
 Portal Projectile        Hex/Tloc       4%         N/A       83%         3
 Cause Fear               Hex            2%         N/A       98%         4

Inventory:

Hand Weapons
 Y - a +3 sling (weapon)
Armour
 c - the scarf of Sasesk {harm, +Blink SInv Stlth-}
   (You acquired it on level 1 of the Dungeon)

   SInv:      It lets you see invisible.
   +Blink:    It lets you blink.
   Stlth:     It makes you less stealthy.
 d - a +0 pair of boots
 f - a +0 ring mail (worn)
Jewellery
 g - an amulet of guardian spirit (around neck)
Scrolls
 a - a scroll of identify
Potions
 b - a potion of haste
 e - a potion of enlightenment
 k - 2 potions of resistance
 l - a potion of might {unknown}

Dungeon Overview and Level Annotations

Branches:
Dungeon (3/15)

Altars:
Gozag
Qazlal

Shops:
D:1 (

Annotations:
D:3 Grinder


Message History

An orc comes into view. It is wielding a +0 flail.
1885 ||| Stepping ~*~*~tactically~*~*~ (outnumbered).
You start resting.
An orc is nearby!
You shoot a sling bullet.
The sling bullet closely misses the orc.
The orc throws a javelin.
The javelin pierces through you.
You shoot a sling bullet. The sling bullet hits the orc!
You kill the orc!
You shoot a sling bullet. The sling bullet hits Grinder.
Grinder is lightly wounded.
Grinder says, "Wait up."
You shoot a sling bullet. The sling bullet barely misses Grinder.
Grinder says, "There's only one good use for a tongue: cutting it out."
Grinder hits you.
You writhe in agony.
Grinder hits you.
You writhe in agony.
You shoot a sling bullet. The sling bullet hits Grinder.
Grinder is lightly wounded.
Grinder completely misses you.
You shoot a sling bullet. The sling bullet hits Grinder.
Grinder is lightly wounded.
Grinder says, "FISH!"
Grinder hits you.
You writhe in agony.
You shoot a sling bullet. The sling bullet hits Grinder!
Grinder is moderately wounded.
Grinder gestures at you. Pain shoots through your body! Grinder hits you.
You writhe in agony.
You shoot a sling bullet. The sling bullet barely misses Grinder.
Grinder says, "You look like you could use a good racking."
Grinder closely misses you.
You shoot a sling bullet.
The sling bullet hits Grinder but does no damage.
Grinder is moderately wounded.
Grinder hits you.
You shoot a sling bullet. The sling bullet barely misses Grinder.
Grinder hits you but does no damage.
You shoot a sling bullet. The sling bullet hits Grinder!
Grinder is heavily wounded.
Grinder barely misses you. You furiously retaliate!
You headbutt Grinder. Grinder hits you!
You die...

#.# #.#
#.# #.#
#.# #.#
#.# #.# .#
#.# ...#
#.# ....$
#@#
......##5#
.5...)%..#
.....)####
....o ....
..) .. .


You could see Grinder.

Vanquished Creatures
  3 adders (D:2)
  2 dart slugs
  4 orcs (D:3)
  2 endoplasms
  4 giant cockroaches
  5 goblins
  3 hobgoblins
  3 jackals (D:3)
  2 quokkas (D:2)
  7 ball pythons
  10 bats
  2 frilled lizards
  6 kobolds
  2 rats (D:1)
55 creatures vanquished.

Notes
Turn   | Place    | Note
-------+----------+-------------------------------------------
     0 | D:1      | qw the Minotaur Hexslinger began the quest for the Orb.
     0 | D:1      | Reached XP level 1. HP: 16/16 MP: 1/1
     0 | D:1      | 0 ||| qw: Version: 0.3-a-51-g015441d
     0 | D:1      | 0 ||| qw: Game counter: 4295
     0 | D:1      | 0 ||| qw: Melee chars always use a shield: true
     0 | D:1      | 0 ||| qw: God list: Okawaru
     0 | D:1      | 0 ||| qw: Allow faded altars: false
     0 | D:1      | 0 ||| qw: Do Orc after clearing Dungeon:15 true
     0 | D:1      | 0 ||| qw: Do second Lair branch before Depths: true
     0 | D:1      | 0 ||| qw: Lair rune preference: random
     0 | D:1      | 0 ||| qw: Goals: Normal
     0 | D:1      | 0 ||| PLANNING D:1-11
   103 | D:1      | Reached skill level 3 in Ranged Weapons
   103 | D:1      | Reached XP level 2. HP: 21/23 MP: 2/2
   160 | D:1      | Found Egiv's Weapon Shop.
   173 | D:1      | 173 ||| SHOPLISTING +1 heavy sling (106 gold, have 10).
   173 | D:1      | 173 ||| SHOPLISTING +3 arbalest of draining (276 gold, have
                  | 10).
   729 | D:1      | 729 ||| UPGRADING to +0 ring mail.
   739 | D:1      | 739 ||| DROPPING +0 robe.
   740 | D:1      | 740 ||| READING 3 scrolls labelled ZUAHEKK YK VEM.
   741 | D:1      | 741 ||| READING scroll labelled UZASIE JYMU.
   742 | D:1      | 742 ||| READING scroll labelled TIESTR TELIO.
   743 | D:1      | 743 ||| READING scroll labelled GYPNUCWAJOC.
   743 | D:1      | Identified a scroll of acquirement
   743 | D:1      | 743 ||| ACQUIRING scarf of Sasesk {harm, +Blink SInv
                  | Stlth-}
   743 | D:1      | Acquired the scarf of Sasesk {harm, +Blink SInv Stlth-}
   745 | D:1      | 745 ||| READING scroll labelled OXANIYQ VYICK.
   750 | D:1      | 750 ||| READING 2 scrolls of identify.
   750 | D:1      | 750 ||| IDENTIFYING orange potion
   751 | D:1      | 751 ||| DROPPING scroll of poison.
   752 | D:1      | 752 ||| DROPPING potion of degeneration.
   770 | D:2      | Reached XP level 3. HP: 29/29 MP: 3/3
   816 | D:2      | Found a stormy altar of Qazlal.
   874 | D:2      | Reached skill level 4 in Ranged Weapons
   926 | D:2      | Reached skill level 1 in Armour
  1425 | D:2      | 1425 ||| READING scroll of enchant weapon.
  1425 | D:2      | 1425 ||| ENCHANTING +2 sling.
  1437 | D:2      | Reached XP level 4. HP: 36/36 MP: 4/4
  1692 | D:2      | 1692 ||| UPGRADING to amulet of guardian spirit.
  1697 | D:2      | 1697 ||| READING scroll labelled UCIURO ATINWUL.
  1698 | D:2      | 1698 ||| DRINKING 2 amethyst potions.
  1699 | D:2      | 1699 ||| DRINKING 2 fizzy pink potions.
  1700 | D:2      | 1700 ||| DRINKING 3 bubbling inky potions.
  1701 | D:2      | 1701 ||| READING 2 scrolls of identify.
  1701 | D:2      | 1701 ||| IDENTIFYING purple potion
  1702 | D:2      | 1702 ||| DROPPING potion of ambrosia.
  1784 | D:3      | Found an opulent altar of Gozag.
  1883 | D:3      | Noticed Grinder
  1884 | D:3      | 1884 ||| FLEEEEING.
  1885 | D:3      | 1885 ||| Stepping ~*~*~tactically~*~*~ (outnumbered).
  1894 | D:3      | HP: 5/36 [Grinder/nerve-wracking pain (11)]
  1896 | D:3      | HP: 1/36 [Grinder (2)]
  1898 | D:3      | Mangled by Grinder

Levels and vault maps discovered:
D:1:      lemuel_arrival_tunnels, layout_loops_ring, serial_shops, shop,
          minmay_misc_feat_diagonals
D:2:      layout_basic, basic_altar, minmay_quadrilaterals
D:3:      layout_basic, overflow_temple_1_default, uniq_grinder

Skill      XL: |  1  2  3 |
---------------+----------+-----
Ranged Weapons | 3 4 |  4.7
Fighting       | 2 |  2.0
Armour         | 1 |  1.1
Dodging        | |  2.1
Spellcasting   | |  1.0
Hexes          | |  2.0

Action                     |  1- 3 |  4- 6 || total
---------------------------+-------+-------++-------
   Fire: Sling             |   112 |    50 ||   162
    Use: Scroll            |     7 |     2 ||     9
         Potion            |       |     3 ||     3
 Armour: Robe              |     6 |       ||     6
         Ring mail         |    24 |     6 ||    30
  Dodge: Dodged            |    40 |    12 ||    52

Table legend:
 A = Non-vault XP
 B = Vault XP
 C = Vault XP percentage of total XP
 D = Non-vault monster count
 E = Vault monster count
 F = Vault count percentage of total count
                 A         B        C        D         E       F
            +---------+---------+-------+---------+---------+-------
      Total |      98 |      35 |  26.3 |      48 |       7 |  12.7
            +---------+---------+-------+---------+---------+-------
        D:1 |      39 |       0 |   0.0 |      25 |       0 |   0.0
        D:2 |      28 |      35 |  55.6 |      10 |       7 |  41.2
        D:3 |      31 |       0 |   0.0 |      13 |       0 |   0.0
            +---------+---------+-------+---------+---------+-------
